 Dungeon Crawl Stone Soup version 0.18.1-8-gdd0e5ea (webtiles) character file.

56 georgeearnest the Ruffian (level 3, -3/31 HPs)
             Began as a Draconian Monk on May 25, 2016.
             Was a Believer of Cheibriados.
             Slain by Natasha (5 damage)
             ... on level 2 of the Dungeon.
             The game lasted 00:02:55 (1010 turns).

georgeearnest the Ruffian (Draconian Monk)          Turns: 1010, Time: 00:02:56

Health: -3/31      AC:  5    Str: 18    XL:     3   Next: 71%
Magic:  3/3        EV: 14    Int: 18    God:    Cheibriados [**....]
Gold:   24         SH:  0    Dex: 17    Spells: 0 memorised, 2 levels left

rFire  . . .     SeeInvis .       - Unarmed
rCold  . . .     Gourm    .     (armour unavailable)
rNeg   . . .     Faith    .     (no shield)
rPois  .         Spirit   .     (helmet restricted)
rElec  .         Dismiss  .     (no cloak)
rCorr  .         Reflect  .     (no gloves)
SustAt .         Harm     .     (no boots)
MR     .....                    (no amulet)
Stlth  ++........               (no ring)
                                h - +4 ring of intelligence

@: very slow, not resistant to hostile enchantments, unstealthy
A: unfitting armour, cold-blooded, AC +5
a: Bend Time, Renounce Religion


You were on level 2 of the Dungeon.
You worshipped Cheibriados.
Cheibriados was pleased with you.
You were not hungry.

You visited 1 branch of the dungeon, and saw 2 of its levels.

You collected 24 gold pieces.

Inventory:

Jewellery
 h - a +4 ring of intelligence (left hand)
Wands
 k - a wand of random effects (12/48)
Scrolls
 d - a scroll of remove curse {unknown}
 f - a scroll of fear {unknown}
 g - a scroll of enchant weapon {unknown}
Potions
 b - a potion of cancellation {unknown}
 c - a potion of invisibility {unknown}
 e - a potion of ambrosia {unknown}
 i - a potion of degeneration {unknown}
Comestibles
 a - a bread ration
 j - a meat ration


   Skills:
 + Level 3.6 Fighting
 + Level 3.3 Dodging
 + Level 1.9 Stealth
 + Level 4.6 Unarmed Combat


You had 2 spell levels left.
You didn't know any spells.

Dungeon Overview and Level Annotations

Branches:
Dungeon (2/15)

Altars:
Cheibriados

Annotations:
D:2 Natasha


Innate Abilities, Weirdness & Mutations

Your plain brown scales are hard (AC +5).
Your body does not fit into most forms of armour.
You are cold-blooded and may be slowed by cold attacks.


Message History

The crimson imp is severely wounded.
The crimson imp blinks!
Natasha claws you!
* * * LOW HITPOINT WARNING * * *
The crimson imp blinks!
Natasha misses you.
Natasha hisses.
Natasha closely misses you.
You hit the crimson imp but do no damage.
The crimson imp is lightly wounded.
Natasha claws you.
* * * LOW HITPOINT WARNING * * *
The crimson imp barely misses you.
You barely miss the crimson imp.
The crimson imp is lightly wounded.
Natasha barely misses you. The crimson imp misses you.
You miss the crimson imp.
Your tail-slap misses the crimson imp.
Natasha mumbles some strange words.
Natasha's fingertips start to glow.
Natasha claws you.
You die...

#.#.#.##.#
#......#.#
#(#.#..#.##
#.#.#>.....
..#......##
############......
#..5..............
#h###########.####
#@# #.# #5# #.# ##
#.# #.# #< #.# #.#
## #.# #.# #.# #.#
#.# #.#.## #.#
#.#... #.#
####'####


You could see Natasha and a crimson imp.

Vanquished Creatures
  A gnoll (D:1)
  An adder (D:2)
  An ooze (D:1)
  A giant gecko (D:1)
  A giant cockroach (D:1)
  4 goblins
  5 hobgoblins (D:1)
  2 jackals (D:1)
  8 bats
  3 giant newts
  3 kobolds
  3 rats
33 creatures vanquished.

Notes
Turn   | Place    | Note
--------------------------------------------------------------
     0 | D:1      | georgeearnest the Draconian Monk began the quest for the Orb.
     0 | D:1      | Reached XP level 1. HP: 19/19 MP: 1/1
   115 | D:1      | Reached XP level 2. HP: 18/26 MP: 2/2
   400 | D:1      | Reached XP level 3. HP: 30/31 MP: 3/3
   877 | D:2      | Found a snail-covered altar of Cheibriados.
   896 | D:2      | Became a worshipper of Cheibriados the Contemplative
   896 | D:2      | Reached * piety under Cheibriados
   896 | D:2      | Reached ** piety under Cheibriados
   982 | D:2      | Noticed Natasha
  1010 | D:2      | Slain by Natasha

Skill      XL: |  1  2 |
---------------+-------+-----
Dodging        | 3 |  3.3
Fighting       | |  3.6
Stealth        | |  1.9
Unarmed Combat | |  4.6

Action                   || total
-------------------------++-------
Melee: Unarmed           ||    93
       Tailslap          ||    11
       Punch             ||     2
Evoke: Wand              ||     2
Armor: Skin              ||    35
Dodge: Dodged            ||   141
